 Dungeon Crawl Stone Soup version 0.28.0-53-g5a82cb258f (webtiles) character file.

Game seed: 16449501557561694969

127216 buhh the Fighter (level 17, -3/150 HPs)
             Began as an Octopode Transmuter on June 18, 2022.
             Was an Elder of Cheibriados.
             Constricted to death by a shambling mangrove (5 damage)
             ... on level 4 of the Swamp.
             The game lasted 02:08:55 (42455 turns).

buhh the Fighter (Octopode Transmuter)             Turns: 42455, Time: 02:08:56

Health: -3/150     AC: 32    Str: 26    XL:     17   Next: 0%
Magic:  17/24      EV: 16    Int: 31    God:    Cheibriados [****..]
Gold:   1880       SH:  5    Dex: 27    Spells: 7/24 levels left

rFire   x . .      SeeInvis .     - Unarmed
rCold   + + +      Faith    .   (shield currently unavailable)
rNeg    . . .      Spirit   .   (helmet currently unavailable)
rPois   +          Reflect  +   x - amulet of reflection
rElec   .          Harm     .   a - ring of poison resistance
rCorr   .          Rampage  .   n - +4 ring of protection
Will    ++++.      Archmagi +   I - ring of willpower
Stlth   ++........              w - +6 ring of dexterity
HPRegen 0.35/turn               W - +6 ring of strength
MPRegen 0.19/turn               C - ring of the Mage {Wiz Archmagi, =g}
                                z - ring of willpower
                                U - ring of willpower

@: mighty, ice-armoured, ice-form, grasped by roots, constricted, invisible,
very slow
A: freezing attack, boosted hp, almost no armour, amphibious, 8 rings, large,
(camouflage 1), (gelatinous body 1), (nimble swimmer 1), (tentacles)
a: End Transformation, Renounce Religion, Bend Time, Temporal Distortion, Slouch


You were on level 4 of the Swamp.
You worshipped Cheibriados.
Cheibriados was greatly pleased with you.
You were a creature of crystalline ice.
You visited 5 branches of the dungeon, and saw 27 of its levels.
You also visited: Sewer, Ice Cave and Volcano.

You collected 3312 gold pieces.
You spent 1432 gold pieces at shops.

Inventory:

Hand Weapons
 b - a +2 hunting sling of flaming
Missiles
 i - 21 boomerangs
 m - 208 sling bullets
 o - 3 curare-tipped darts
Magical Staves
 d - a staff of cold (melded)
 q - a staff of fire
Jewellery
 a - a ring of poison resistance (left front paw)
 n - a +4 ring of protection (right front paw)
 s - a ring of magical power
 w - a +6 ring of dexterity (on tentacle)
 x - an amulet of reflection (around neck)
 z - a ring of willpower (on tentacle)
 A - a +6 ring of dexterity
 C - the ring of the Mage (on tentacle) {Wiz Archmagi, =g}
   (You acquired it on level 2 of the Swamp)

   [ring of wizardry]

   It improves your spell success rate.
   Archmagi:  It increases the power of your magical spells.
 I - a ring of willpower (on tentacle)
 T - an amulet of regeneration
 U - a ring of willpower (on tentacle)
 W - a +6 ring of strength (on tentacle)
 Y - an amulet of the acrobat
Wands
 v - a wand of digging (14)
 y - a wand of flame (33)
 B - a wand of polymorph (5)
 D - a wand of acid (4)
 F - a wand of iceblast (9)
 G - a wand of paralysis (4)
 L - a wand of mindburst (12)
 O - a wand of charming (24)
Scrolls
 g - a scroll of identify {!d}
 j - 4 scrolls of vulnerability
 p - a scroll of silence {!r}
 t - 2 scrolls of teleportation {!d}
 M - a scroll of fear {!r}
 P - a scroll of magic mapping {!r!d}
 Q - 2 scrolls of fog
 R - 3 scrolls of torment
 X - 4 scrolls of amnesia
 Z - 2 scrolls of enchant armour
Potions
 e - 3 potions of attraction
 f - 5 potions of might
 k - 5 potions of flight
 l - 3 potions of lignification {!d}
 r - a potion of ambrosia {!q!d}
 u - a potion of berserk rage {unknown}
 E - 2 potions of mutation {unknown}
 H - 2 potions of invisibility {!q!d}
 J - 2 potions of magic {!q!d}
 K - 3 potions of brilliance {!q!d}
 N - 6 potions of curing {!q!d}
 V - 2 potions of cancellation {!q!d}
Miscellaneous
 h - a box of beasts
 S - a phantom mirror


   Skills:
 - Level 14.0 Fighting
 - Level 5.0 Slings
 - Level 10.0 Dodging
 - Level 1.0 Stealth
 - Level 12.0 Unarmed Combat
 - Level 4.0 Spellcasting
 - Level 3.0 Conjurations
 - Level 6.0 Translocations
 * Level 13.9 Transmutations
 - Level 13.0 Ice Magic
 - Level 10.0 Invocations


You had 7 spell levels left.
You knew the following spells:

 Your Spells              Type           Power      Damage    Failure   Level
a - Irradiate             Conj/Tmut      36%        3d25      2%          5
b - Wereblood             Tmut           96%        N/A       1%          2
c - Lesser Beckoning      Tloc           60%        N/A       1%          3
d - Ice Form              Ice/Tmut       94%        N/A       1%          4
e - Ozocubu's Armour      Ice            92%        N/A       1%          3

Your spell library contained the following spells:

 Spells                   Type           Power      Damage    Failure   Level
 Beastly Appendage        Tmut           100%       N/A       0%          1
 Apportation              Tloc           100%       N/A       1%          1
 Foxfire                  Conj/Fire      92%        2x1d8     1%          1
 Ensorcelled Hibernation  Hex/Ice        100%       N/A       1%          2
 Passwall                 Tmut/Erth      54%        N/A       1%          2
 Gell's Gravitas          Tloc           60%        N/A       1%          3
 Ignite Poison            Fire/Tmut/Pois 51%        N/A       1%          3
 Spider Form              Tmut/Pois      65%        N/A       1%          3
 Teleport Other           Tloc           60%        N/A       1%          3
 Petrify                  Tmut/Erth      65%        N/A       1%          4
 Animate Skeleton         Necr           18%        N/A       2%          1
 Slow                     Hex            36%        N/A       2%          1
 Summon Small Mammal      Summ           36%        N/A       2%          1
 Corpse Rot               Necr/Air       18%        N/A       3%          2
 Sublimation of Blood     Necr           9%         N/A       3%          2
 Conjure Flame            Conj/Fire      23%        6-21      4%          3
 Confusing Touch          Hex            9%         N/A       8%          3
 Inner Flame              Hex/Fire       9%         N/A       8%          3
 Swiftness                Air            9%         N/A       8%          3
 Vampiric Draining        Necr           9%         2d6       8%          3
 Ozocubu's Refrigeration  Ice            46%        4d14      10%         7
 Flame Wave               Conj/Fire      23%        2d7       13%         4
 Sticky Flame             Conj/Fire      23%        2d4       13%         4
 Dispel Undead            Necr           9%         3d8       24%         4
 Death Channel            Necr           4%         N/A       97%         6
 Haunt                    Necr/Summ      4%         N/A       100%        7


Dungeon Overview and Level Annotations

Branches:
Dungeon (14/15)            Temple (1/1) D:4            Lair (6/6) D:10
  Swamp (4/4) Lair:2        Snake (0/4) Lair:4        Slime (0/5) Lair:6
    Orc (2/2) D:12            Elf (0/3) Orc:2         Sewer (visited)
  IceCv (visited)         Volcano (visited)
 Vaults: D:13-14

Altars:
Cheibriados
Elyvilon
Fedhas
Gozag
Kikubaaqudgha
Okawaru
Qazlal
Sif Muna
Vehumet
Wu Jian
Xom
Zin
The Shining One
Beogh
Jiyva

Shops:
D:12 =   Orc:2 *(::

Annotations:
D:7 2 transporters, MiltankisOP's ghost, novice DECj
D:12 exclusions: door, 2 fire elementals, hell hound and 4 more exclusions, Azrael
Lair:1 exclusion: 3 oklob plants
Swamp:2 3 runed translucent doors, Kranky's ghost, adept MiBe
Orc:2 3 runed translucent doors, exclusion: 3 doors, Rupert


Innate Abilities, Weirdness & Mutations

You are a creature of crystalline ice.
You have a powerful freezing melee attack.
Your maximum health is increased.
Your armour is entirely melded.
You are incapable of wielding weapons or throwing items.
You cannot wear most types of armour.
You are amphibious.
You can wear up to eight rings at the same time.
((Your skin changes colour to match your surroundings (Stealth+).))
((Your rubbery body absorbs attacks. (AC +1, EV +1)))
((You are camouflaged when in or above water. (Stealth+)))
((You have tentacles for arms and can constrict up to eight enemies at once.))


Message History

* * * LOW HITPOINT WARNING * * *
You pummel the four-headed hydra!! You freeze the four-headed hydra!
You kill the four-headed hydra!
Cheibriados thoroughly appreciates the change of pace.
You feel sick. The swamp dragon bites you.
* * * LOW HITPOINT WARNING * * *
The swamp dragon misses you. The swamp dragon completely misses you.
You beat the swamp dragon into a bloody pulp!!!
You freeze the swamp dragon.
The swamp dragon is almost dead.
You feel sick. The grasping roots constrict you.
* * * LOW HITPOINT WARNING * * *
The swamp dragon bites you but does no damage.
The swamp dragon claws you but does no damage.
The swamp dragon tramples you but does no damage.
You pummel the swamp dragon!! You freeze the swamp dragon.
You kill the swamp dragon!
Cheibriados thoroughly appreciates the change of pace.
You feel sick. The grasping roots constrict you.
* * * LOW HITPOINT WARNING * * *
You have reached level 17!
Okay, then.
Really quaff
H - 3 potions of invisibility {!q!d}?
You fade into invisibility!
You feel sick. The grasping roots constrict you!
* * * LOW HITPOINT WARNING * * *
Really quaff
N - 8 potions of curing {!q!d}?
You feel better.
Really quaff
N - 7 potions of curing {!q!d}?
You feel better.
The shambling mangrove barely misses you.
The grasping roots constrict you.
* * * LOW HITPOINT WARNING * * *
You strike the helpless shambling mangrove from behind!
You punch the shambling mangrove! You freeze the shambling mangrove.
The shambling mangrove is lightly damaged.
The shambling mangrove hits you!!
* * * LOW HITPOINT WARNING * * *
The grasping roots constrict you.
You die...

≈≈.♣ .≈.§≈≈≈ ≈≈.♣♣
...≈≈≈≈.♣♣ ≈.≈)♣
...≈≈≈≈≈. ≈.≈.♣
♣♣..♣ ≈≈≈≈. ♣ ≈≈.♣
♣♣♣≈≈≈♣ ♣≈≈≈. ≈≈
≈≈≈♣♣♣≈≈.♣...♣.≈.♣♣
≈≈≈ ♣♣♣♣≈÷≈♣♣#
♣....≈.♣♣♣.≈♣
♣♣..♣♣#
♣≈≈≈≈..≈≈≈♣♣♣♣
♣.≈♣# ♣.≈Y≈≈♣ ≈≈≈♣
♣♣≈♣# #♣≈f†.♣♣♣≈.≈
.≈≈♣ #♣≈[†.?.≈♣♣
≈≈♣# #≈≈≈≈≈†.≈♣♣
^≈♣# #♣.≈≈≈≈.♣≈♣
♣≈.♣ #♣.≈/[..≈.♣♣
ki.♣# #..≈[≈.≈≈.≈♣
≈...♣#
#♣♣....≈$..≈♣♣
≈.D†≈#
#.≈≈.≈.≈.....♣


You could see a shambling mangrove.

Vanquished Creatures
  Mlioglotl (Swamp:2)
  Kirke (Swamp:2)
  A thorn hunter (Swamp:3)
  A fenstrider witch (Swamp:1)
  A very ugly thing (IceCv)
  4 eleionomae
  6 bunyips
  An ettin (Orc:1)
  Josephine (Lair:5)
  Fannar (D:10)
  23 hydras
  2 boulder beetles
  4 ghost crabs
  5 alligators
  3 centaur warriors
  A merfolk avatar (Lair:6)
  A caustic shrike simulacrum (IceCv)
  9 two-headed ogres
  6 death yaks (Lair:6)
  3 orc high priests (Orc:2)
  Sonja (Lair:2)
  4 goliath frogs
  4 bog bodies
  5 spriggan druids
  8 swamp dragons
  3 harpies (Lair:6)
  7 orc knights
  A deep elf pyromancer (D:12)
  6 orc sorcerers
  A cyclops (Orc:1)
  2 ugly things
  3 will-o-the-wisps
  2 manticores
  Maurice (D:11)
  3 black mambas
  10 elephants
  An ice statue (Lair:2)
  6 rime drakes
  12 cane toads
  2 torpor snails
  Psyche (D:12)
  A kobold demonologist (D:13)
  9 komodo dragons
  3 unseen horrors
  A freezing wraith (Lair:2)
  A queen bee (D:9)
  3 anaconda simulacra (IceCv)
  A bloated husk (Swamp:2)
  2 tyrant leeches
  2 wind drakes (Lair:6)
  Prince Ribbit (D:8)
  2 hornets
  4 trolls
  6 polar bears
  6 blink frogs
  Grinder (D:4)
  6 dream sheep
  6 slime creatures (D:13)
  A snapping turtle (Lair:6)
  Sigmund (D:4)
  A shadow (D:11)
  2 spriggans (Swamp:2)
  11 wraiths
  50 yaks
  3 basilisks
  A fire bat (Volcano)
  6 wyverns
  2 steam dragons
  17 vampire mosquitoes
  3 harpy simulacra (IceCv)
  4 wargs
  14 swamp worms
  An acid dragon (D:10)
  14 water moccasins
  A hydra simulacrum (IceCv)
  Duvessa (D:4)
  3 black bears
  Pargi (Sewer)
  29 orc warriors
  A sky beast (D:6)
  6 swamp drakes
  7 ice beasts
  7 ogres
  45 wolves
  15 centaurs
  3 kobold brigands
  4 gnoll sergeants
  16 bullfrogs
  A wyvern zombie (D:7)
  2 scorpions
  28 killer bees
  9 wights (D:10)
  2 howler monkeys
  3 electric eels (D:10)
  2 bullfrog zombies (D:6)
  6 centaur zombies
  A gnoll shaman (D:5)
  9 hounds
  3 bullfrog skeletons
  14 orc priests
  2 iguanas
  23 orc wizards
  2 scorpion zombies (D:5)
  A hound skeleton (D:4)
  2 howler monkey zombies
  5 adders
  22 gnolls
  A shadow imp (D:6)
  3 white imps
  An adder skeleton (D:4)
  A worm (D:4)
  3 dart slugs
  99 orcs
  4 endoplasms
  7 giant cockroaches
  9 goblins
  4 hobgoblins
  4 ball pythons
  3 bats
  5 frilled lizards
  18 kobolds
  3 rats
  6 foxfires
791 creatures vanquished.

Vanquished Creatures (collateral kills)
  A vampire mosquito (Swamp:1)
  2 gnolls (D:8)
  An orc (D:8)
4 creatures vanquished.

Vanquished Creatures (others)
  Nikola (Swamp:1)
  A hydra (Swamp:1)
  An alligator (Swamp:1)
  A swamp dragon (Swamp:1)
  3 bloated husks
  A tyrant leech (Swamp:1)
  A bush (Lair:2)
  8 foxfires
  45 fungi
  103 plants
  6 toadstools (Swamp:3)
  8 withered plants
179 creatures vanquished.

Grand Total: 974 creatures vanquished

Notes
Turn   | Place    | Note
-------+----------+-------------------------------------------
     0 | D:1      | buhh the Octopode Transmuter began the quest for the Orb.
     0 | D:1      | Reached XP level 1. HP: 13/13 MP: 3/3
   485 | D:1      | Reached XP level 2. HP: 18/18 MP: 3/5
  1311 | D:2      | Found a shimmering altar of Xom.
  1344 | D:2      | Reached XP level 3. HP: 24/24 MP: 4/6
  1483 | D:2      | Reached skill level 2 in Fighting
  1688 | D:2      | Found a faded altar of an unknown god.
  2484 | D:3      | Reached XP level 4. HP: 28/29 MP: 5/7
  2821 | D:3      | Found a glowing drain.
  2836 | Sewer    | Entered a sewer
  2870 | Sewer    | Noticed Pargi
  2877 | Sewer    | Killed Pargi
  2878 | Sewer    | Reached skill level 3 in Fighting
  2878 | Sewer    | Reached XP level 5. HP: 36/36 MP: 8/8
  2945 | Sewer    | Identified the +1 ring mail "Ixky" {rElec rN+ Dex-4 Slay+2}
  3283 | D:4      | Noticed Grinder
  3288 | D:4      | Killed Grinder
  3289 | D:4      | Reached skill level 4 in Fighting
  3289 | D:4      | Reached XP level 6. HP: 42/43 MP: 9/9
  3653 | D:4      | Found a staircase to the Ecumenical Temple.
  3901 | D:4      | Noticed Sigmund
  3917 | D:5      | Entered Level 5 of the Dungeon
  4400 | Temple   | Entered the Ecumenical Temple
  4596 | D:4      | Killed Sigmund
  4597 | D:4      | Reached XP level 7. HP: 36/49 MP: 10/10
  4920 | D:4      | Noticed Duvessa
  4920 | D:4      | Noticed Dowan
  5543 | D:4      | Noticed Dowan
  5543 | D:4      | Dowan changed into Dowan the wolf
  5751 | D:4      | Killed Dowan the wolf
  5752 | D:4      | Reached skill level 5 in Fighting
  5951 | D:4      | Killed Duvessa
  6652 | D:4      | Reached XP level 8. HP: 46/55 MP: 9/11
  6983 | D:5      | Learned a level 2 spell: Wereblood
  6987 | D:5      | Learned a level 3 spell: Spider Form
  6992 | D:5      | Learned a level 4 spell: Ice Form
  7073 | D:5      | Found a shimmering altar of Xom.
  7240 | D:5      | Found an ornate altar of the Wu Jian Council.
  7882 | D:6      | Found a stormy altar of Qazlal.
  7884 | D:6      | Noticed an air elemental
  8827 | D:6      | Noticed a water elemental
  8854 | D:6      | Reached XP level 9. HP: 61/61 MP: 5/12
  9163 | D:6      | Found an iron altar of Okawaru.
  9163 | D:6      | Found a shimmering blue altar of Sif Muna.
  9164 | D:6      | Found a blossoming altar of Fedhas.
  9847 | Temple   | Became a worshipper of Cheibriados the Contemplative
  9900 | D:7      | Found a transporter.
  9900 | D:7      | Found a transporter.
  9974 | D:7      | Noticed MiltankisOP's ghost (novice DECj)
 10288 | D:7      | Found a glowing silver altar of Zin.
 10939 | D:7      | Noticed a hornet
 11779 | D:7      | Reached * piety under Cheibriados
 12105 | D:7      | Reached XP level 10. HP: 65/66 MP: 9/13
 12642 | D:8      | Paralysed by an orc wizard for 6 turns
 12829 | D:8      | Reached ** piety under Cheibriados
 13021 | D:8      | Noticed Prince Ribbit
 13029 | D:8      | Killed Prince Ribbit
 13030 | D:8      | Reached skill level 6 in Fighting
 13306 | D:8      | Noticed a two-headed ogre
 13697 | D:9      | Noticed a two-headed ogre
 14243 | D:8      | Killed a two-headed ogre
 14244 | D:8      | Reached skill level 7 in Fighting
 14757 | D:9      | Reached skill level 8 in Fighting
 14768 | D:9      | Reached *** piety under Cheibriados
 14801 | D:9      | Noticed a two-headed ogre
 15239 | D:10     | Entered Level 10 of the Dungeon
 15287 | D:10     | Reached XP level 11. HP: 78/78 MP: 13/15
 15353 | D:9      | Killed a two-headed ogre
 15354 | D:9      | Reached skill level 9 in Fighting
 15850 | D:9      | Killed a two-headed ogre
 16215 | D:9      | Reached **** piety under Cheibriados
 16255 | D:9      | Reached skill level 10 in Fighting
 16530 | D:10     | Noticed Fannar
 16581 | D:10     | Killed Fannar
 16622 | D:10     | Noticed a two-headed ogre
 16626 | D:10     | Killed a two-headed ogre
 16947 | D:10     | Reached ***** piety under Cheibriados
 17719 | D:10     | Found a staircase to the Lair.
 18257 | D:11     | Noticed Maurice
 18261 | D:11     | Killed Maurice
 18262 | D:11     | Reached XP level 12. HP: 87/87 MP: 18/18
 18307 | Lair:1   | Entered Level 1 of the Lair of Beasts
 18307 | Lair:1   | Noticed a five-headed hydra
 18686 | D:11     | Noticed a two-headed ogre
 18703 | D:11     | Killed a two-headed ogre
 20109 | D:12     | Found a staircase to the Orcish Mines.
 20147 | D:12     | Noticed Psyche
 20165 | D:12     | Killed Psyche
 20516 | D:12     | Reached skill level 11 in Fighting
 20697 | D:12     | Noticed a two-headed ogre
 20714 | D:12     | Killed a two-headed ogre
 20751 | D:12     | Noticed Azrael
 20909 | D:12     | Found Huestode's Jewellery Shop.
 20921 | D:12     | Bought a ring of willpower for 350 gold pieces
 20921 | D:12     | Bought a ring of willpower for 350 gold pieces
 21134 | D:13     | Noticed a centaur warrior
 21138 | D:13     | Killed a centaur warrior
 21687 | D:13     | Found an opulent altar of Gozag.
 22038 | D:13     | Reached skill level 12 in Fighting
 22290 | D:13     | Noticed a two-headed ogre
 22296 | D:13     | Killed a two-headed ogre
 22460 | D:13     | Noticed a two-headed ogre
 22467 | D:13     | Killed a two-headed ogre
 22468 | D:13     | Reached XP level 13. HP: 97/97 MP: 19/19
 22486 | D:13     | You fall into a shaft and drop 1 floor!
 22493 | D:14     | Found a frozen archway.
 22504 | IceCv    | Entered an ice cave
 22504 | IceCv    | Noticed a white very ugly thing
 22517 | IceCv    | Killed a white very ugly thing
 22647 | IceCv    | Found a transporter.
 22651 | IceCv    | Noticed a white very ugly thing
 22653 | IceCv    | Found the dreamshard necklace {*Dream Drain}
 23115 | D:14     | Found an ancient bone altar of Kikubaaqudgha.
 23618 | Orc:1    | Entered Level 1 of the Orcish Mines
 24048 | Orc:1    | Found a dark tunnel.
 24059 | Volcano  | Entered a volcano
 24145 | Orc:2    | Entered Level 2 of the Orcish Mines
 24184 | Orc:1    | Noticed an ettin
 24192 | Orc:1    | Killed an ettin
 25741 | Orc:2    | Found a staircase to the Elven Halls.
 26322 | Orc:2    | Noticed Rupert
 26333 | Orc:2    | Found Semaq's Book Emporium.
 26336 | Orc:2    | Reached skill level 11 in Unarmed Combat
 26337 | Orc:2    | Reached XP level 14. HP: 54/103 MP: 13/20
 27180 | Lair:1   | Identified the +11 dagger of Valuable Assets {holy, Str+2
                  | Int+6}
 29626 | Lair:2   | Found a staircase to the Swamp.
 30079 | Lair:2   | Reached skill level 11 in Transmutations
 30120 | Lair:2   | Noticed Sonja
 30121 | Lair:2   | Killed Sonja
 30448 | Lair:2   | buhh: o/
 30778 | Lair:3   | Reached skill level 13 in Fighting
 31796 | Lair:4   | Found a staircase to the Snake Pit.
 31928 | Lair:4   | Learned a level 5 spell: Irradiate
 32167 | Lair:4   | Reached XP level 15. HP: 111/111 MP: 22/22
 32321 | Lair:4   | Learned a level 3 spell: Lesser Beckoning
 32661 | Lair:5   | Noticed Josephine
 32668 | Lair:5   | Killed Josephine
 33386 | Lair:6   | Entered Level 6 of the Lair of Beasts
 33907 | Lair:6   | Reached skill level 14 in Fighting
 33961 | Lair:6   | Reached ****** piety under Cheibriados
 34340 | Lair:6   | Identified the +6 glaive of Daroeker {vorpal, rPois rC+
                  | rN++ Dex-4}
 34739 | Lair:6   | Found a viscous altar of Jiyva.
 34739 | Lair:6   | Found a staircase to the Slime Pits.
 35712 | Orc:2    | Found a runed translucent gate.
 35713 | Orc:2    | Found a runed translucent gate.
 35713 | Orc:2    | Found a runed translucent gate.
 35771 | Orc:2    | Found Tuinuph's Weapon Shop.
 35771 | Orc:2    | Found Etaxutty's General Store.
 35774 | Orc:2    | Found Qaczocikh's Book Emporium.
 35921 | Orc:2    | Bought Ozocubu's Autobiography for 312 gold pieces
 35925 | Orc:2    | Learned a level 3 spell: Ozocubu's Armour
 36020 | D:12     | Identified the +0 chain mail of Fedhas's Favour {rF- Slay+2
                  | Stlth+}
 36055 | D:12     | Bought an amulet of reflection for 420 gold pieces
 36302 | Swamp:1  | Entered Level 1 of the Swamp
 36354 | Swamp:1  | Identified the +1 pair of gloves of Edanicass {Rampage
                  | *Corrode rF+ rC+++}
 36354 | Swamp:1  | Noticed Nikola
 36378 | Swamp:1  | Killed Nikola
 36689 | Swamp:1  | Reached XP level 16. HP: 112/119 MP: 19/23
 36742 | Swamp:1  | Noticed a fenstrider witch
 36751 | Swamp:1  | Killed a fenstrider witch
 38142 | Swamp:2  | Got the Catalogue of Torrid Creation
 38203 | Swamp:2  | Identified 2 scrolls of acquirement
 38203 | Swamp:2  | Acquired 855 gold pieces
 38205 | Swamp:2  | Acquired the ring of the Mage {Wiz Archmagi}
 38205 | Swamp:2  | Found the ring of the Mage {Wiz Archmagi, =g}
 38720 | Swamp:2  | Noticed Mlioglotl
 38726 | Swamp:2  | Reached skill level 11 in Ice Magic
 38735 | Swamp:2  | Killed Mlioglotl
 38739 | Swamp:2  | Noticed Kirke
 39322 | Swamp:2  | Noticed a sphinx
 39329 | Swamp:2  | Killed Kirke
 39503 | Swamp:2  | Found a runed translucent gate.
 39503 | Swamp:2  | Found a runed translucent gate.
 39504 | Swamp:2  | Found a runed translucent gate.
 39504 | Swamp:2  | Noticed Kranky's ghost (adept MiBe)
 39700 | Swamp:3  | Noticed a thorn hunter
 40624 | Swamp:3  | Killed a thorn hunter
 40858 | Swamp:3  | Identified the +0 helmet of the Fiend {Regen+ Int+2}
 41150 | Swamp:4  | Entered Level 4 of the Swamp
 42452 | Swamp:4  | Reached XP level 17. HP: 29/125 MP: 16/24
 42455 | Swamp:4  | HP: 2/150 [shambling mangrove (20)]
 42455 | Swamp:4  | Constricted to death by a shambling mangrove

Illustrated notes

Levels and vault maps discovered:
D:1:      dpeg_arrival_concentric_ovals, layout_basic, chequers_avenue,
          chequers_serial_rivers_room_b
D:2:      layout_loops_corners, basic_altar, basic_ecumenical_altar,
          minivault_14
D:3:      layout_rooms, cheibrodos_sewer_entry_drain
D:4:      layout_basic, temple_pool_b, serial_glass, glass_columns_c,
          glass_columns_b, uniq_grinder, uniq_sigmund, uniq_duvessa
D:5:      layout_basic, mainiacjoe_overflow_surrounded_room, lemuel_round_altar
D:6:      layout_basic, nicolae_qazlal_style_of_elements,
          gammafunk_temple_overflow_claw, chequers_decorated_corner,
          chequers_serial_rivers_micro_e
D:7:      minmay_evil_eye, layout_gridville, mainiacjoe_overflow_alcove_2,
          gammafunk_ghost_hive, kennysheep_another_room, nrook_loot_triangle,
          nrook_uturn
D:8:      layout_rooms, uniq_prince_ribbit1
D:9:      layout_loops_cross, special_room [special_room_orc], grunt_decor_cap,
          nicolae_looking_at_the_future
D:10:     layout_basic, erik_lair_island, serial_undead, serial_undead_e,
          serial_undead_c, serial_undead_f, serial_undead_e, serial_undead_e,
          serial_undead_c, serial_undead_c, serial_undead_f, serial_undead_b,
          serial_undead_c, uniq_fannar
D:11:     layout_roguey, minivault_25_ag, uniq_maurice
D:12:     layout_roguey, erik_orc_1, serial_shops, nicolae_diamond_shop,
          uniq_azrael, uniq_psyche
D:13:     layout_roguey, nicolae_gozag_seed_capital
D:14:     layout_small_grid, lightli_vaults_fourway_checkpoint,
          kiku_gazebo_garden_becter, serial_ice, serial_ice_h, serial_ice_b,
          serial_ice_j, serial_ice_c, serial_ice_a, serial_ice_f, serial_ice_g,
          serial_ice_e, serial_ice_n, serial_ice_m,
          portal_ice_cave_entry_pillars_2, minivault_26
Temple:   regret_index_temple_generic_petals
Lair:1:   dpeg_oklob_gauntlet, layout_cellular_growth
Lair:2:   nzn_winding_woodlands_cross [nzn_winding_woodlands_5x15_sidewinder,
          nzn_winding_woodlands_5x15_garden, nzn_winding_woodlands_5x15_default,
          nzn_winding_woodlands_5x15_crooked,
          nzn_winding_woodlands_15x15_boxy_spiral], layout_loops_ring,
          palyth_hydra_swamp_entry, ice2_lemuel, uniq_sonja
Lair:3:   beast_lair_carwin_large_4, layout_layer_cave,
          nicolae_quartered_pool_little, hangedman_lair_generics_rect
Lair:4:   layout_hall_layers, dummy_snake_entry, chequers_serial_rivers_room_b
Lair:5:   layout_regular_city, uniq_josephine
Lair:6:   gammafunk_lair_ancient_temple, layout_gridlike, slime_altar_1,
          nicolae_lair_lil_pond
Swamp:1:  layout_basic_swamp, evilmike_swamp_ruin_house_2, uniq_nikola
Swamp:2:  layout_basic_swamp, gammafunk_ghost_necromancy,
          evilmike_swamp_ruin_house_5, swamp_pool5, uniq_kirke, uniq_mlioglotl
Swamp:3:  cheibrodos_swamp_tower_of_moss, layout_falls_marsh,
          evilmike_swamp_ruin_house_6
Swamp:4:  swamp, layout_basic_swamp, infiniplex_staircase_pool
Orc:1:    layout_caves, nicolae_volcano_entry_lava_flow
Orc:2:    st_orc_elflike, layout_caves, gammafunk_ghost_fury_of_okawaru,
          uniq_rupert

Skill      XL: |  1  2  3  4  5  6  7  8  9 10 11 12 13 14 15 16 |
---------------+-------------------------------------------------+-----
Stealth        | 1 |  1.0
Slings         | 1 2 3 4 5 |  5.0
Fighting       | 2 3 4 5 8 10 12 13 14 | 14.0
Transmutations | 3 4 6 8 11 13 | 13.9
Ice Magic      | 2 5 7 8 9 13 | 13.0
Unarmed Combat | 4 5 7 11 12 | 12.0
Invocations    | 5 9 10 | 10.0
Dodging        | 8 10 | 10.0
Conjurations   | 3 |  3.0
Translocations | 6 |  6.0
Spellcasting   | 4 |  4.0

Action                   |  1- 3 |  4- 6 |  7- 9 | 10-12 | 13-15 | 16-18 || total
-------------------------+-------+-------+-------+-------+-------+-------++-------
Melee: Unarmed           |    44 |    16 |   242 |   577 |   851 |   317 ||  2047
       Constrict         |    15 |     5 |    11 |     1 |       |     1 ||    33
       Tentacles         |     8 |     6 |    11 |       |       |       ||    25
       Kick              |    11 |     1 |    23 |       |       |       ||    35
       Punch             |     1 |     1 |     4 |     1 |       |       ||     7
       Staff             |       |       |       |     4 |       |     2 ||     6
 Fire: Hunting sling     |    58 |    93 |   226 |       |       |       ||   377
Throw: Stone             |       |    17 |     1 |       |       |       ||    18
       Boomerang         |       |       |     1 |       |       |       ||     1
 Cast: Beastly Appendage |    21 |     5 |    15 |       |       |       ||    41
       Ice Form          |       |       |    36 |   116 |   184 |    57 ||   393
       Spider Form       |       |       |     3 |       |       |       ||     3
       Wereblood         |       |       |     2 |     3 |     5 |     1 ||    11
       Lesser Beckoning  |       |       |       |       |     4 |     8 ||    12
       Ozocubu's Armour  |       |       |       |       |     1 |    21 ||    22
Invok: Slouch            |       |       |       |     7 |    19 |     7 ||    33
       Step From Time    |       |       |       |       |     1 |       ||     1
Evoke: Wand              |       |    12 |     6 |    21 |    32 |     1 ||    72
       Phantom mirror    |       |       |       |       |     2 |       ||     2
       Box of beasts     |       |       |       |       |     1 |     1 ||     2
  Use: Scroll            |     2 |     4 |     4 |    16 |    12 |     8 ||    46
       Potion            |       |     1 |       |       |     3 |     9 ||    13
 Stab: Sleeping          |     6 |     2 |     1 |     5 |     2 |     1 ||    17
       Paralysed         |       |       |       |    14 |       |       ||    14
       Distracted        |       |       |       |     2 |     1 |     3 ||     6
       Confused          |       |       |       |       |       |     4 ||     4
       Invisible         |       |       |       |       |       |     1 ||     1
Armor: Skin              |     8 |    10 |   156 |   317 |   256 |   171 ||   918
Dodge: Dodged            |    43 |    20 |   239 |   445 |   975 |   279 ||  2001
Block: Other             |       |       |       |       |     4 |    67 ||    71
       Reflection        |       |       |       |       |       |     3 ||     3
